 Dungeon Crawl Stone Soup version 0.30.0-17-ge0270778cf (webtiles) character file.

Game seed: 8384546642661913487

65 Irreverend the Ruffian (level 3, 0/36 HPs)
             Began as a Troll Fighter on May 21, 2023.
             Slain by an orc priest
             ... wielding a +0 whip
              (3 damage)
             ... on level 3 of the Dungeon.
             The game lasted 00:01:40 (1390 turns).

Irreverend the Ruffian (Troll Fighter)              Turns: 1390, Time: 00:01:41

Health: 0/36       AC:  4    Str: 24    XL:     3   Next: 94%
Magic:  2/2        EV:  8    Int:  6    God:
Gold:   104        SH:  0    Dex:  9    Spells: 2/2 levels left

rFire   . .          .
                       - Unarmed
rCold   . . .        b - +0 kite shield
rNeg    . . .        a - +0 robe
rPois   .            (helmet restricted)
rElec   .            (no cloak)
rCorr   +            (gloves unavailable)
SInv    .            (boots unavailable)
Will    .....        (no amulet)
Stlth   +            i - ring of resist corrosion
HPRegen 1.06/turn    (no ring)
MPRegen 0.08/turn

%: no passive effects
@: confused, ambrosia-drunk
A: large, unfitting armour, claws 3, regeneration 1, shaggy fur 1, tough skin 1
a: no special abilities


You were on level 3 of the Dungeon.
You visited 1 branch of the dungeon, and saw 3 of its levels.

You collected 104 gold pieces.

Inventory:

Missiles
 k - a throwing net (quivered)
Armour
 a - a +0 robe (worn)
 b - a +0 kite shield (worn)
Jewellery
 i - a ring of resist corrosion (left claw)
Scrolls
 d - 2 scrolls of identify {unknown}
 e - a scroll of poison {unknown}
 g - 2 scrolls of silence {unknown}
 h - a scroll of vulnerability {unknown}
Potions
 c - 2 potions of might
 f - a potion of ambrosia
 j - a potion of curing {unknown}
 l - a potion of resistance {unknown}


   Skills:
 + Level 2.8 Fighting
 - Level 2.4 Dodging
 + Level 3.2 Shields
 * Level 3.3 Unarmed Combat


You had 2 spell levels left.
You didn't know any spells.
Your spell library contained the following spells:

 Spells                   Type           Power      Damage    Failure   Level
 Slow                     Hex            0%         N/A       71%         1
 Ensorcelled Hibernation  Hex/Ice        0%         N/A       85%         2
 Passwall                 Tmut/Erth      0%         N/A       85%         2
 Confusing Touch          Hex            0%         N/A       97%         3
 Swiftness                Air            0%         N/A       97%         3
 Vampiric Draining        Necr           0%         2d6       97%         3


Dungeon Overview and Level Annotations

Branches:
Dungeon (3/15)

Altars:

Annotations:
D:3 3 runed translucent doors


Innate Abilities, Weirdness & Mutations

You are too large for most types of armour.
You have claws for hands.
Your natural rate of healing is unusually fast.
You are covered in fur. (AC +1)
You have tough skin. (AC +1)


Message History

The orc closely misses you.
You completely miss the orc priest. The orc hits you with a +0 flail.
The orc priest barely misses you.
You scratch the orc priest.
The orc priest is lightly wounded.
You block the orc's attack. You block the orc priest's attack.
You scratch the orc priest.
The orc priest is moderately wounded.
You block the orc's attack. The orc misses you.
The orc priest calls down the wrath of Beogh upon you.
Pain shoots through your body! The orc hits you with a +0 hand axe.
You closely miss the orc priest.
The orc priest is moderately wounded.
The orc barely misses you. You block the orc's attack. x2
The orc priest hits you with a +0 whip. The orc barely misses you.
You block the orc's attack. The orc hits you with a +0 flail.
The orc priest invokes the aid of Beogh against you.
Beogh smites you!
* * * LOW HITPOINT WARNING * * *
You are too injured to fight recklessly!
You are too injured to fight recklessly!
You are too injured to fight recklessly!
You are too injured to fight recklessly!
You are too injured to fight recklessly!
You are too injured to fight recklessly!
You are too injured to fight recklessly!
You are too injured to fight recklessly!
You are too injured to fight recklessly!
You are too injured to fight recklessly!
You are too injured to fight recklessly!
You are too injured to fight recklessly!
You are too injured to fight recklessly!
You are too injured to fight recklessly!
It was a potion of ambrosia.
You are confused.
You feel invigorated. The orc barely misses you.
The orc hits you with a +0 dagger.
* * * LOW HITPOINT WARNING * * *
The orc priest hits you with a +0 whip.
You die...

...### #....# #
#.#....# ..
#......#
...##.#....#
....#..^.#####
#.ooo......#
#..@o.....!#
...##..........#
............>..
...####.#..#.##
.........###.#
........8..#.#
+++#######.#.###
.....ooo##.#...#
####...o##.#.#.#


You could see 2 orc priests and 5 orcs.

Vanquished Creatures
  An adder (D:2)
  A dart slug (D:1)
  6 ball pythons
  An endoplasm (D:1)
  6 giant cockroaches
  7 goblins
  3 hobgoblins
  5 jackals
  2 quokkas
  5 bats
  2 frilled lizards
  7 kobolds
  3 rats
49 creatures vanquished.

Notes
Turn   | Place    | Note
-------+----------+-------------------------------------------
     0 | D:1      | Irreverend the Troll Fighter began the quest for the Orb.
     0 | D:1      | Reached XP level 1. HP: 22/22 MP: 0/0
    41 | D:1      | Reached XP level 2. HP: 29/29 MP: 1/1
   612 | D:2      | Reached XP level 3. HP: 36/36 MP: 2/2
  1378 | D:3      | Found a runed translucent gate.
  1379 | D:3      | Found a runed translucent gate.
  1380 | D:3      | Found a runed translucent gate.
  1390 | D:3      | Slain by an orc priest

Illustrated notes

Levels and vault maps discovered:
D:1:      dpeg_arrival_rooms_b, layout_basic
D:2:      layout_basic
D:3:      layout_basic, mainiacjoe_overflow_catwalk_spiral,
          biasface_ghost_orc_armoury, nrook_campfire

Skill      XL: |  1  2  3 |
---------------+----------+-----
Shields        | 3 |  3.2
Unarmed Combat | 3 |  3.3
Fighting       | |  2.8
Dodging        | |  2.4

Action                     || total
---------------------------++-------
  Melee: Unarmed           ||   136
    Use: Potion            ||     1
 Armour: Robe              ||    42
  Dodge: Dodged            ||    47
  Block: Kite shield       ||    57
